 Dungeon Crawl Stone Soup version 0.17-a0-1485-g22cb0ee (webtiles) character file.

595 urechis the Grappler (level 7, -3/57 HPs)
             Began as a Ghoul Monk on July 5, 2015.
             Was an Elder of Makhleb.
             Slain by a gnoll
             ... wielding a +0 halberd
              (4 damage)
             ... on level 4 of the Dungeon.
             The game lasted 00:08:34 (2839 turns).

urechis the Grappler (Ghoul Monk)                   Turns: 2839, Time: 00:08:34

Health: -3/57      AC:  4    Str: 15    XL:     7   Next: 40%
Magic:  6/6        EV:  6    Int:  5    God:    Makhleb [****..]
Gold:   89         SH:  0    Dex: 13    Spells: 0 memorised, 6 levels left

rFire  . . .     SeeInvis .       - Unarmed
rCold  + . .     Clarity  .     s - +0 leather armour
rNeg   + + +     SustAt   .     (no shield)
rPois  ∞         Gourm    .     l - +0 helmet
rElec  .         Spirit   .     (no cloak)
rCorr  +         Warding  .     (no gloves)
rMut   .         Stasis   .     (no boots)
MR     .....                    e - amulet of resist corrosion
Stlth  ++........               (no ring)
                                r - ring of wizardry

@: flying, held, rotting, not resistant to hostile enchantments, unstealthy
A: rotting body, claws 1, carnivore 3, cold resistance 1, negative energy
resistance 3, slow healing 1, torment resistance, unbreathing
a: Minor Destruction, Lesser Servant of Makhleb, Major Destruction, Renounce
Religion


You were on level 4 of the Dungeon.
You worshipped Makhleb.
Makhleb was greatly pleased with you.
You were not hungry.

You visited 1 branch of the dungeon, and saw 4 of its levels.

You collected 89 gold pieces.

Inventory:

Armour
 l - a +0 helmet (worn)
 s - a +0 leather armour (worn)
Jewellery
 e - an amulet of resist corrosion (around neck)
 r - a ring of wizardry (left claw)
Scrolls
 c - 2 scrolls of remove curse {unknown}
 f - 2 scrolls of teleportation {unknown}
 g - a scroll of identify {unknown}
 h - a scroll of fear {unknown}
 m - a scroll of noise {unknown}
 n - 2 scrolls of recharging {unknown}
Potions
 d - a potion of agility {unknown}
 i - a potion of beneficial mutation {unknown}
 j - a potion of might {unknown}
 o - a potion of curing {unknown}
 q - a potion of poison {unknown}
 u - a potion of flight
Books
 p - a book of Callings

   Spells                             Type                      Level
   a - Summon Small Mammal            Summoning                    1
   b - Call Imp                       Summoning                    2
   c - Call Canine Familiar           Summoning                    3
   d - Summon Guardian Golem          Hexes/Summoning              3
   e - Summon Lightning Spire         Summoning/Air                4
   f - Summon Ice Beast               Ice/Summoning                4
Comestibles
 a - a slice of pizza
 b - 4 meat rations
 k - 2 beef jerkies


   Skills:
 - Level 3.2 Fighting
 - Level 2.6 Dodging
 - Level 2.1 Stealth
 + Level 9.6 Unarmed Combat


You had 6 spell levels left.
You didn't know any spells.

Dungeon Overview and Level Annotations

Branches:
Dungeon (4/15)             Temple (0/1) D:4

Altars:
Elyvilon
Makhleb
Zin


Innate Abilities, Weirdness & Mutations

Your body is rotting away.
You thrive on raw meat.
You are immune to poison.
You have sharp fingernails.
You are carnivorous and can eat meat at any time.
Your flesh is cold resistant.
You are immune to negative energy.
You heal slowly when monsters are visible.
You are immune to unholy pain and torment.
You can survive without breathing.


Message History

The phantom hits you.
The phantom blinks!
The adder struggles to escape the net.
The gnoll hits you with a spear.
* * * LOW HITPOINT WARNING * * *
A gnoll comes into view. It is wielding a flail.
You tear a large gash into the net.
The gnoll hits you but does no damage.
The adder struggles against the net.
The gnoll hits you from afar with a halberd!
* * * LOW HITPOINT WARNING * * *
The gnoll hits you with a spear.
* * * LOW HITPOINT WARNING * * *
Drink which item? (? for menu, Esc to quit)
It was a potion of flight.
You feel very buoyant.
You fly up into the air.
The adder struggles against the net.
The gnoll hits you with a whip.
* * * LOW HITPOINT WARNING * * *
The gnoll hits you with a spear.
* * * LOW HITPOINT WARNING * * *
The gnoll hits you from afar with a halberd.
You die...

≈≈≈ . #+###≈≈#
'''#############...#≈≈#
...g.g......)..#.g.#≈≈#
...≈≈≈≈≈≈≈≈≈≈≈≈#####≈≈#
....≈≈≈≈≈≈≈≈≈≈≈≈≈≈≈≈≈≈≈###
....≈≈≈≈g@gs≈≈≈≈≈≈≈≈≈≈≈...
........ggS..........P....
.........Wgg.............
.#.###†.##)##########... #
#......##.# #...
#.#......##.# #..o
##.#......##g## #...
.................... ##..
.. ##.#....#...........
##.


You could see a phantom, a scorpion, 8 gnolls and an adder (caught).

Vanquished Creatures
  An ogre (D:4)
  A gnoll shaman (D:4)
  An orc priest (D:4)
  A centaur skeleton (D:4)
  An orc wizard (D:3)
  A hound (D:4)
  An iguana (D:4)
  A giant frog skeleton (D:4)
  2 worker ants (D:4)
  5 gnolls (D:4)
  8 adders
  An ooze (D:1)
  6 worms
  3 giant geckos
  7 orcs
  A ball python (D:2)
  2 giant cockroaches (D:1)
  7 goblins
  12 hobgoblins
  6 kobolds
  2 quokkas
  10 bats
  2 giant newts
  16 jackals
  8 rats
106 creatures vanquished.

Vanquished Creatures (others)
  An orc (D:3)
1 creature vanquished.

Grand Total: 107 creatures vanquished

Notes
Turn   | Place    | Note
--------------------------------------------------------------
     0 | D:1      | urechis the Ghoul Monk began the quest for the Orb.
     0 | D:1      | Reached XP level 1. HP: 19/19 MP: 0/0
   141 | D:1      | Reached XP level 2. HP: 20/26 MP: 1/1
   149 | D:1      | Reached skill level 5 in Unarmed Combat
   331 | D:1      | Reached XP level 3. HP: 17/31 MP: 2/2
  1010 | D:2      | Reached skill level 6 in Unarmed Combat
  1010 | D:2      | Reached XP level 4. HP: 7/35 MP: 3/3
  1201 | D:2      | Found a burning altar of Makhleb.
  1206 | D:2      | Found a glowing silver altar of Zin.
  1206 | D:2      | Noticed an angel
  1207 | D:2      | Noticed a green death
  1209 | D:2      | Became a worshipper of Makhleb the Destroyer
  1209 | D:2      | Acquired Makhleb's first power
  1209 | D:2      | Acquired Makhleb's second power
  1716 | D:3      | Reached XP level 5. HP: 41/45 MP: 4/4
  1994 | D:3      | Reached skill level 7 in Unarmed Combat
  2190 | D:3      | Acquired Makhleb's third power
  2530 | D:4      | Noticed an ogre
  2542 | D:4      | Killed an ogre
  2542 | D:4      | Reached skill level 8 in Unarmed Combat
  2542 | D:4      | Reached XP level 6. HP: 32/50 MP: 5/5
  2556 | D:4      | Found a staircase to the Ecumenical Temple.
  2609 | D:4      | Found a white marble altar of Elyvilon.
  2702 | D:4      | Reached XP level 7. HP: 55/57 MP: 6/6
  2724 | D:4      | Noticed a phantom
  2731 | D:4      | Reached skill level 9 in Unarmed Combat
  2819 | D:4      | Acquired Makhleb's fourth power
  2839 | D:4      | HP: 2/57 [gnoll/whip (5)]
  2839 | D:4      | Slain by a gnoll

Vault maps used:
D:1:      shiori_arrival_maze, kennysheep_minor_cross
D:2:      grunt_temple_overflow_order_and_chaos_2, kennysheep_generic_room_15
D:4:      lemuel_castle_with_subvaults, yredelemnul_forgotten_temple_becter,
          elyvilon_altar_4, gammafunk_temple_overflow_wave,
          minmay_temple_entry_statues_fountains, first_bread, serial_shops,
          shop, minmay_mini_jars

Action                   |  1- 3 |  4- 6 |  7- 9 || total
-------------------------+-------+-------+-------++-------
Melee: Unarmed           |   104 |   201 |    45 ||   350
  Use: Potion            |       |       |     1 ||     1
 Stab: Sleeping          |     3 |     2 |       ||     5
  Eat: Chunk             |    12 |    17 |     9 ||    38
